 Dungeon Crawl Stone Soup version 0.24.0-13-gcf9b3192b9 (webtiles) character file.

Game seed: 11166138579732932969, levelgen mode: deterministic

15929 Johnny the Carver (level 12, -3/183 HPs)
             Began as a Troll Berserker on Nov 5, 2019.
             Was a High Priest of Trog.
             Slain by a troll (10 damage)
             ... on level 13 of the Dungeon.
             The game lasted 00:17:43 (12119 turns).

Johnny the Carver (Troll Berserker)                Turns: 12119, Time: 00:17:44

Health: -3/183     AC:  9    Str: 37    XL:     12   Next: 5%
Magic:  0/20       EV: 13    Int:  5    God:    Trog [*****.]
Gold:   492        SH:  0    Dex:  9    Spells: 11/11 levels left

rFire    . . .     SeeInvis .   O - +3 demon blade of Defence by Offence {vamp, rN+ Int+2}
rCold    + . .     Gourm    +   (no shield)
rNeg     + . .     Faith    .   K - +2 robe {rC+}
rPois    .         Spirit   +   o - +1 hat
rElec    .         Reflect  .   D - scarf {Spirit}
rCorr    .         Harm     .   (gloves unavailable)
MR       .....                  (boots unavailable)
Stlth    ..........             Q - amulet of guardian spirit
HPRegen  0.80/turn              C - ring of magical power
MPRegen  0.17/turn              N - +1 ring of slaying

@: berserking, very quick
A: large, unfitting armour, claws 3, fast metabolism 3, gourmand, regeneration
1, shaggy fur 1, tough skin 3
a: Berserk, Trog's Hand, Brothers in Arms, Renounce Religion


You were on level 13 of the Dungeon.
You worshipped Trog.
Trog was extremely pleased with you.
You were near starving.

You visited 2 branches of the dungeon, and saw 14 of its levels.
You also visited: Ossuary.

You collected 1007 gold pieces.
You spent 515 gold pieces at shops.

Inventory:

Hand Weapons
 a - a +0 falchion
 O - the +3 demon blade of Defence by Offence (weapon) {vamp, rN+ Int+2}
   (Trog gifted it to you on level 10 of the Dungeon)

   It inflicts no extra harm, but heals its wielder when it wounds a living foe.
   It affects your intelligence (+2).
   It protects you from negative energy.
Missiles
 A - 5 large rocks (quivered)
 H - 3 throwing nets
Armour
 o - a +1 hat (worn)
 y - a cursed +0 large shield
 D - a scarf of spirit shield (worn)
 K - a +2 robe of cold resistance (worn)
Jewellery
 k - an uncursed ring of wizardry
 C - a ring of magical power (left claw)
 G - a +3 ring of intelligence
 N - a +1 ring of slaying (right claw)
 Q - an amulet of guardian spirit (around neck)
Wands
 b - a wand of iceblast (13)
 s - a wand of random effects (16)
 F - a wand of flame (29)
 J - a wand of acid (8)
 L - a wand of digging (3)
Scrolls
 d - 2 scrolls of blinking
 e - 3 scrolls of enchant weapon
 g - 7 scrolls of teleportation
 h - 10 scrolls of remove curse
 i - a scroll of noise
 j - a scroll of fear
 q - 4 scrolls of amnesia
 w - a scroll of magic mapping {unknown}
 x - 4 scrolls of enchant armour {unknown}
 B - 3 scrolls of immolation {unknown}
 E - 3 scrolls of fog {unknown}
 P - a scroll of torment {unknown}
 R - a scroll of identify
Potions
 l - 2 potions of resistance {unknown}
 m - 4 potions of curing
 n - a potion of haste {unknown}
 p - 2 potions of agility
 r - 2 potions of flight {unknown}
 t - a potion of berserk rage {unknown}
 u - 3 potions of mutation
 v - 3 potions of degeneration
 z - a potion of magic {unknown}
 I - a potion of might {unknown}
 S - a potion of lignification
Miscellaneous
 M - a sack of spiders
Comestibles
 c - 30 rations


   Skills:
 + Level 8.7 Fighting
 * Level 11.9 Long Blades
 + Level 8.8 Dodging


You had 11 spell levels left.
You didn't know any spells.
Your spell library contained the following spells:

 Spells                   Type           Power        Failure   Level  Hunger
 Corona                   Hex            #......      47%         1    ##.....
 Shock                    Conj/Air       #...         47%         1    ##.....
 Ensorcelled Hibernation  Hex/Ice        #.....       63%         2    ###....
 Swiftness                Chrm/Air       #.......     63%         2    ###....
 Confuse                  Hex            #.......     85%         3    ####...
 Dazzling Spray           Conj/Hex       #.....       85%         3    ####...
 Static Discharge         Conj/Air       #.......     85%         3    ####...
 Tukima's Dance           Hex            #.......     85%         3    ####...
 Airstrike                Air            #.........   99%         4    #####..
 Lightning Bolt           Conj/Air       #.........   100%        5    ######.


Dungeon Overview and Level Annotations

Branches:
Dungeon (13/15)            Temple (0/1) D:7            Lair (1/6) D:8
    Orc (0/2) D:10        Ossuary (visited)
 Vaults: D:13-14

Altars:
Elyvilon
Gozag
Makhleb
Nemelex Xobeh
Okawaru
Ru
Sif Muna
Vehumet
Wu Jian
Xom
Yredelemnul
Zin
The Shining One

Shops:
D:3 *   D:7 [   D:8 ?   D:9 [   D:12 *


Innate Abilities, Weirdness & Mutations

You are too large for most types of armour.
You have claws for hands.
Your metabolism is lightning-fast.
You like to eat raw meat.
Your natural rate of healing is unusually fast.
You are covered in fur. (AC +1)
You have extremely tough skin. (AC +3)


Message History

* * * LOW HITPOINT WARNING * * *
Unknown command.
You hit the deep troll earth mage.
The deep troll earth mage is severely wounded.
The centaur warrior hits you.
* * * LOW HITPOINT WARNING * * *
The deep troll earth mage completely misses you.
The deep troll earth mage barely misses you.
The deep troll earth mage claws you but does no damage.
The centaur hits you but does no damage.
You slice the deep troll earth mage!!
You feel better.
You feel the power of Trog in you as your rage grows.
You kill the deep troll earth mage!
Trog accepts your kill.
Trog appreciates your killing of a magic user.
You feel your dexterity returning. The centaur warrior hits you!
* * * LOW HITPOINT WARNING * * *
The troll bites you but does no damage. The troll claws you!
You die... ## #.#####5### #.Tccccoa.#

##+####
#@###
#(.....
#o..#
+./....
#.#.# #.....
...#)..
#....
#####(#.#
#.K.
#.....(...#
#a## #
####+#####.#
#(.### .
##(.#. ##(..


You could see a centaur warrior, a troll, an orc warrior, 3 centaurs, a worker
ant, a shadow imp and an orc.

Vanquished Creatures
  Harold (D:7)
  A centaur warrior (D:13)
  2 two-headed ogres
  A deep troll earth mage (D:13)
  A slime creature (D:12)
  Joseph (D:7)
  A gargoyle (D:11)
  3 kobold demonologists
  2 trolls
  2 hippogriffs (D:12)
  A hornet (D:13)
  Prince Ribbit (D:7)
  2 wyverns
  A wraith (D:10)
  Grum (D:9)
  2 hungry ghosts
  2 vampire mosquitoes (D:12)
  A porcupine (Lair:1)
  5 orc warriors
  4 ice beasts
  2 necrophages
  A black bear (D:11)
  2 sky beasts
  7 ogres
  A phantom (D:5)
  4 wolves (D:9)
  7 centaurs
  2 elf zombies (Ossuary)
  4 big kobolds
  6 bullfrogs
  A gnoll sergeant (D:10)
  3 elf skeletons (D:4)
  A water moccasin zombie (D:8)
  A wyvern skeleton (D:9)
  6 scorpions
  3 killer bees (D:8)
  3 wights (D:10)
  3 howler monkeys
  2 bullfrog zombies
  5 crimson imps
  A quasit (D:13)
  3 centaur zombies
  11 orc priests
  5 centaur skeletons
  4 hounds
  A jelly (D:10)
  A human zombie (D:4)
  16 orc wizards
  A bullfrog skeleton (D:3)
  2 iguanas
  5 human skeletons (D:4)
  7 worker ants
  4 big kobold zombies (Ossuary)
  A hound zombie (Ossuary)
  3 mummies (Ossuary)
  A howler monkey zombie (D:5)
  2 worker ant zombies
  12 adders
  3 gnolls (D:10)
  4 shadow imps
  5 adder zombies (Ossuary)
  An ooze (D:3)
  An adder skeleton (D:8)
  A worm (D:2)
  3 dart slugs (D:1)
  4 leopard geckos
  40 orcs
  A ball python (D:1)
  6 bats
  4 giant cockroaches
  8 goblins
  10 hobgoblins
  4 jackals (D:1)
  28 kobolds
  5 quokkas
  4 frilled lizards
  2 goblin zombies (Ossuary)
  4 hobgoblin zombies (Ossuary)
  2 jackal zombies
  2 kobold zombies (Ossuary)
  A leopard gecko zombie (D:5)
  2 orc zombies (D:4)
  2 quokka skeletons
  6 quokka zombies (Ossuary)
  7 rats
  2 rat zombies (Ossuary)
341 creatures vanquished.

Vanquished Creatures (collateral kills)
  A warg (D:10)
  A gnoll (D:10)
  An orc (D:7)
3 creatures vanquished.

Grand Total: 344 creatures vanquished

Notes
Turn   | Place    | Note
-------+----------+-------------------------------------------
     0 | D:1      | Johnny the Troll Berserker began the quest for the Orb.
     0 | D:1      | Reached XP level 1. HP: 22/22 MP: 0/0
    64 | D:1      | Reached XP level 2. HP: 29/29 MP: 1/1
   535 | D:1      | Reached skill level 3 in Long Blades
   548 | D:1      | Reached XP level 3. HP: 36/36 MP: 2/2
   876 | D:2      | Reached ** piety under Trog
   951 | D:2      | Found a burning altar of Makhleb.
  1283 | D:2      | Reached XP level 4. HP: 41/44 MP: 3/3
  1804 | D:3      | Found a sparkling altar of Nemelex Xobeh.
  2219 | D:3      | Reached XP level 5. HP: 41/53 MP: 4/4
  2316 | D:3      | Found a glowing golden altar of the Shining One.
  2316 | D:3      | Found a glowing silver altar of Zin.
  2316 | D:3      | Found a white marble altar of Elyvilon.
  2411 | D:3      | Found an opulent altar of Gozag.
  2413 | D:3      | Found Gozag's Platinum Reserve.
  2533 | D:3      | Found a shimmering altar of Xom.
  2906 | D:4      | Reached skill level 4 in Long Blades
  2967 | D:4      | Reached XP level 6. HP: 45/61 MP: 5/5
  2977 | D:4      | Found a sand-covered staircase.
  2990 | Ossuary  | Entered an ossuary
  3026 | Ossuary  | Reached *** piety under Trog
  3192 | Ossuary  | Reached skill level 5 in Long Blades
  3192 | Ossuary  | Reached XP level 7. HP: 63/68 MP: 6/6
  3479 | D:4      | Received a gift from Trog
  3545 | D:4      | Found a radiant altar of Vehumet.
  4223 | D:4      | Reached skill level 6 in Long Blades
  4223 | D:4      | Reached XP level 8. HP: 51/79 MP: 7/7
  4439 | D:5      | Entered Level 5 of the Dungeon
  4650 | D:5      | Reached **** piety under Trog
  4776 | D:5      | Reached skill level 5 in Dodging
  4825 | D:5      | Reached skill level 5 in Fighting
  4830 | D:5      | Reached skill level 7 in Long Blades
  4954 | D:5      | Found a shimmering blue altar of Sif Muna.
  5788 | D:6      | Found a basalt altar of Yredelemnul.
  5902 | D:6      | Reached XP level 9. HP: 88/88 MP: 6/8
  6318 | D:7      | Noticed Harold
  6516 | D:7      | Found a glowing golden altar of the Shining One.
  6577 | D:7      | Reached skill level 8 in Long Blades
  6652 | D:7      | Found Pithavawk's Armour Shop.
  6676 | D:7      | Found a staircase to the Ecumenical Temple.
  6704 | D:7      | Noticed Joseph
  6720 | D:7      | Killed Joseph
  6972 | D:7      | Noticed Prince Ribbit
  6987 | D:7      | Killed Prince Ribbit
  6987 | D:7      | Received a gift from Trog
  7197 | D:7      | Killed Harold
  7197 | D:7      | Reached skill level 9 in Long Blades
  7197 | D:7      | Reached XP level 10. HP: 57/100 MP: 3/9
  7955 | D:8      | Found a staircase to the Lair.
  8036 | D:8      | Noticed a two-headed ogre
  8060 | D:8      | Killed a two-headed ogre
  8304 | D:8      | Reached ***** piety under Trog
  8338 | D:8      | Found Zicafus's Magic Scroll Emporium.
  8343 | D:8      | Bought a scroll of enchant weapon for 112 gold pieces
  8343 | D:8      | Bought a scroll of identify for 30 gold pieces
  8343 | D:8      | Bought a scroll of teleportation for 45 gold pieces
  8343 | D:8      | Bought a scroll of identify for 30 gold pieces
  8343 | D:8      | Bought a scroll of identify for 30 gold pieces
  8487 | D:8      | Found an iron altar of Okawaru.
  8585 | Lair:1   | Entered Level 1 of the Lair of Beasts
  8759 | D:9      | Found an ornate altar of the Wu Jian Council.
  8945 | D:9      | Reached skill level 10 in Long Blades
  9109 | D:9      | Found Ceaqoe's Antique Armour Shoppe.
  9113 | D:9      | Bought a runed robe for 88 gold pieces
  9113 | D:9      | Noticed a two-headed ogre
  9125 | D:9      | Killed a two-headed ogre
  9266 | D:9      | Noticed Grum
  9273 | D:9      | Killed Grum
  9310 | D:9      | Found a sacrificial altar of Ru.
  9599 | D:10     | Entered Level 10 of the Dungeon
  9618 | D:10     | Reached XP level 11. HP: 109/109 MP: 10/10
 10190 | D:10     | Found a staircase to the Orcish Mines.
 10288 | D:10     | Received a gift from Trog
 10316 | D:10     | Got a faintly glowing demon blade {god gift}
 10318 | D:10     | Identified the +3 demon blade of Defence by Offence {vamp,
                  | rN+ Int+2} (Trog gifted it to you on level 10 of the
                  | Dungeon)
 10812 | D:11     | Reached skill level 11 in Long Blades
 11405 | D:12     | Found Icruqoan's Assorted Antiques.
 11425 | D:12     | Bought a potion of curing for 108 gold pieces
 11425 | D:12     | Bought a scroll of identify for 72 gold pieces
 12063 | D:13     | Noticed a centaur warrior
 12081 | D:13     | Noticed a deep troll earth mage
 12083 | D:13     | Noticed a sphinx
 12089 | D:13     | Noticed a centaur warrior
 12094 | D:13     | Killed a centaur warrior
 12113 | D:13     | Reached XP level 12. HP: 69/122 MP: 4/11
 12118 | D:13     | HP: 7/183 [centaur warrior (6)]
 12119 | D:13     | Killed a deep troll earth mage
 12119 | D:13     | Slain by a troll

Levels and vault maps discovered:
D:1:      lightli_iron_boxes, layout_loops_corners
D:2:      minmay_spotlight, layout_basic, first_ration, bloody_makhleb
D:3:      layout_loops_corners, good_gods_mini_temple,
          lemuel_coloured_pillars_altar, nicolae_gozag_zags_fifth_avenue,
          nicolae_overflow_crystal_walls, minivault_5
D:4:      layout_gridville, nicolae_overflow_hidden_temple,
          nicolae_ossuary_entry_catacombs, chequers_serial_rivers_small_3,
          hangedman_decor_peaks_small
D:5:      layout_cave_pools, overflow_temple_1_default
D:6:      kennysheep_big_flooded_room, layout_loops_ring, old_standard_altar
D:7:      layout_loops_ring, minmay_temple_entry_gardened_gates, serial_shops,
          shop, nicolae_tso_carved_into_rock, uniq_harold, uniq_joseph,
          uniq_prince_ribbit1
D:8:      layout_loops_ring, lemuel_round_altar, dpeg_oklobed_lair,
          serial_shops, kennysheep_little_box
D:9:      layout_stronghold, nicolae_ru_path_of_blood, lemuel_crystal_altar,
          serial_shops, shop, grunt_ogre_cave, uniq_grum
D:10:     layout_irregular_city, erik_orc_4
D:11:     layout_irregular_city
D:12:     layout_loops_ring, serial_shops, nicolae_shop_overgrown_old_shop,
          kennysheep_windowed_goal
D:13:     layout_roguey, ximxim_vaults_locker_room, jmf_multi_god_temple
Lair:1:   layout_long_grid

Skill      XL: |  1  2  3  4  5  6  7  8  9 10 11 |
---------------+----------------------------------+-----
Long Blades    | 3 4 5 6 7 9 10 11 | 11.9
Dodging        | 3 4 5 6 7 8 |  8.8
Fighting       | 3 4 5 6 7 8 |  8.7

Action                   |  1- 3 |  4- 6 |  7- 9 | 10-12 || total
-------------------------+-------+-------+-------+-------++-------
Melee: Falchion          |   109 |   248 |   660 |   404 ||  1421
       Demon blade       |       |       |       |   183 ||   183
Throw: Large rock        |       |       |     2 |     7 ||     9
       Throwing net      |       |       |       |     3 ||     3
Invok: Berserk           |       |       |    11 |    12 ||    23
       Trog's Hand       |       |       |     1 |     1 ||     2
       Brothers in Arms  |       |       |     1 |     2 ||     3
Evoke: Wand              |       |       |    38 |    17 ||    55
       Sack of spiders   |       |       |       |     2 ||     2
  Use: Potion            |       |       |     4 |     4 ||     8
       Scroll            |       |       |     5 |     9 ||    14
 Stab: Sleeping          |       |     2 |       |     1 ||     3
       Paralysed         |       |       |     6 |       ||     6
  Eat: Chunk             |    17 |    12 |    48 |    57 ||   134
       Ration            |       |       |     2 |       ||     2
Armor: Animal skin       |    54 |    91 |   205 |    44 ||   394
       Skin              |       |       |    84 |       ||    84
       Robe              |       |       |       |   150 ||   150
Dodge: Dodged            |    72 |   131 |   334 |   375 ||   912
       Rpst.: Falchion   |    22 |    47 |   104 |    65 ||   238
       Demon blade       |       |       |       |    24 ||    24
